 Dungeon Crawl Stone Soup version 0.28-a0-475-g7dc2aef8ca (webtiles) character file.

Game seed: 4146737931807920289

43207 Dabor the Jinx (level 13, -2/112 HPs)
             Began as a Purple Draconian Conjurer on Sept 15, 2021.
             Was a Priest of Sif Muna.
             Slain by Rupert (25 damage)
             ... on level 6 of the Lair of Beasts on Sept 16, 2021.
             The game lasted 01:36:28 (25790 turns).

Dabor the Jinx (Purple Draconian Conjurer)         Turns: 25790, Time: 01:36:29

Health: -2/112     AC: 12    Str: 10    XL:     13   Next: 89%
Magic:  5/27       EV: 14    Int: 22    God:    Sif Muna [***...]
Gold:   699        SH:  4    Dex: 11    Spells: 20/32 levels left

rFire   . . .      SeeInvis .   g - staff of conjuration
rCold   . . .      Faith    .   e - +0 buckler
rNeg    . . .      Spirit   .   (armour unavailable)
rPois   +          Reflect  .   (helmet restricted)
rElec   .          Harm     .   m - +2 cloak {Stlth+}
rCorr   .          Rampage  .   (no gloves)
Will    +....                   j - +0 pair of boots {Fly}
Stlth   +++++.....              w - amulet of magic regeneration
HPRegen 0.28/turn               z - ring of wizardry
MPRegen 0.45/turn               o - ring of poison resistance

@: mighty, flying
A: breathe power, AC +8, unfitting armour, cold-blooded
a: Breathe Dispelling Energy, Renounce Religion, Channel Magic, Forget Spell


You were on level 6 of the Lair of Beasts.
You worshipped Sif Muna.
Sif Muna was most pleased with you.
You visited 4 branches of the dungeon, and saw 18 of its levels.
You also visited: Ossuary.

You collected 886 gold pieces.
You spent 187 gold pieces at shops.

Inventory:

Hand Weapons
 c - a +1 dagger
 n - a +4 quarterstaff of chaos
Armour
 e - a +0 buckler (worn)
 i - a +0 kite shield
 j - a +0 pair of boots of flying (worn)
 m - a +2 cloak of stealth (worn)
Magical Staves
 g - a staff of conjuration (weapon)
Jewellery
 o - a ring of poison resistance (right hand)
 w - an amulet of magic regeneration (around neck)
 z - a ring of wizardry (left hand)
 D - a ring of wizardry
 G - a ring of willpower
Wands
 l - a wand of polymorph (10)
 r - a wand of flame (9)
 A - a wand of iceblast (14)
 E - a wand of charming (9)
 I - a wand of acid (21)
Scrolls
 b - 2 scrolls of enchant armour
 h - 4 scrolls of fog
 s - a scroll of amnesia
 x - a scroll of enchant weapon
 B - 11 scrolls of identify
Potions
 a - 4 potions of lignification
 p - a potion of curing
 q - 2 potions of mutation
 u - 2 potions of magic {unknown}
 v - 2 potions of invisibility {unknown}
 C - a potion of might
 H - a potion of attraction {unknown}
Miscellaneous
 k - a tin of tremorstones (1/2)


   Skills:
 + Level 9.6 Fighting
 - Level 8.0 Staves
 - Level 6.2 Dodging
 - Level 8.2 Stealth
 - Level 4.0 Shields
 + Level 10.1 Spellcasting
 + Level 9.8 Conjurations
 * Level 10.2 Hexes
 - Level 6.0 Invocations
 - Level 9.0 Evocations


You had 20 spell levels left.
You knew the following spells:

 Your Spells              Type           Power      Damage    Failure   Level
a - Stone Arrow           Conj/Erth      98%        3d13      1%          3
b - Searing Ray           Conj           100%       2d8       1%          2
c - Dazzling Flash        Conj/Hex       100%       N/A       1%          3
d - Fulminant Prism       Conj/Hex       35%        3d18      1%          4

Your spell library contained the following spells:

 Spells                   Type           Power      Damage    Failure   Level
 Magic Dart               Conj           100%       1d8       1%          1
 Static Discharge         Conj/Air       49%        N/A       1%          2
 Beastly Appendage        Tmut           22%        N/A       2%          1
 Sandblast                Erth           22%        2d7       2%          1
 Passwall                 Tmut/Erth      9%         N/A       3%          2
 Scorch                   Fire           22%        2d6       3%          2
 Wereblood                Tmut           11%        N/A       3%          2
 Flame Wave               Conj/Fire      49%        3d9       3%          4
 Iskenderun's Mystic Bla  Conj/Tloc      49%        2d11      3%          4
 Sticky Flame             Conj/Fire      49%        2d7       3%          4
 Spider Form              Tmut/Pois      5%         N/A       8%          3
 Freezing Cloud           Conj/Ice/Air   19%        6-21      17%         5
 Dispel Undead            Necr           11%        3d9       24%         4
 Summon Lightning Spire   Summ/Air       11%        N/A       24%         4
 Simulacrum               Ice/Necr       5%         N/A       97%         6
 Summon Cactus Giant      Summ           5%         N/A       97%         6
 Malign Gateway           Summ/Tloc      5%         N/A       100%        7
 Storm Form               Tmut/Air       5%         N/A       100%        7
 Maxwell's Capacitive Co  Air            5%         ∞         100%        8
 Summon Horrible Things   Summ           5%         N/A       100%        8
 Polar Vortex             Ice            5%         N/A       100%        9


Dungeon Overview and Level Annotations

Branches:
Dungeon (10/15)            Temple (1/1) D:7            Lair (6/6) D:8
  Swamp (0/4) Lair:3       Spider (1/4) Lair:2        Slime (0/5) Lair:5
Ossuary (visited)
    Orc: D:9-12

Altars:
Ashenzari
Cheibriados
Dithmenos
Elyvilon
Fedhas
Gozag
Hepliaklqana
Kikubaaqudgha
Makhleb
Nemelex Xobeh
Okawaru
Qazlal
Ru
Sif Muna
Trog
Uskayaw
Vehumet
Wu Jian
Xom
Yredelemnul
Zin
The Shining One
Jiyva

Shops:
D:3 [   D:6 [

Annotations:
D:4 Eustachio
Lair:6 Rupert
Spider:1 Donald, Jorgrun


Innate Abilities, Weirdness & Mutations

You can breathe bolts of dispelling energy.
Your rich purple scales are hard. (AC +8)
You cannot fit into any form of body armour.
You are cold-blooded and may be slowed by cold attacks.


Message History

Confirm with . or Enter, or press ? or * to list all spells.
Aiming: Stone Arrow (safe; 1% risk of failure)
Press: ? - help, Shift-Dir - straight line, f/p - Rupert
Aim: Rupert, wielding a +2 great mace of protection and wearing a +0 ring mail (heavily wounded, berserk, 79% to hit)
You feel a surge of power!
The stone arrow hits Rupert!
Rupert is heavily wounded.
You block Rupert's attack.
Casting: Stone Arrow (safe; 1% risk of failure)
Confirm with . or Enter, or press ? or * to list all spells.
Aiming: Stone Arrow (safe; 1% risk of failure)
Press: ? - help, Shift-Dir - straight line, f/p - Rupert
Aim: Rupert, wielding a +2 great mace of protection and wearing a +0 ring mail (heavily wounded, berserk, 79% to hit)
You feel a surge of power!
The stone arrow misses Rupert.
Rupert hits you with a +2 great mace of protection!
Rupert hits you with a +2 great mace of protection!!
* * * LOW HITPOINT WARNING * * *
You feel better.
Rupert hits you with a +2 great mace of protection!
* * * LOW HITPOINT WARNING * * *
You feel very mighty all of a sudden.
You hear the thunderous beating of a drum nearby.
You have got your breath back.
Rupert completely misses you. Rupert barely misses you.
Casting: Stone Arrow (safe; 1% risk of failure)
Confirm with . or Enter, or press ? or * to list all spells.
Aiming: Stone Arrow (safe; 1% risk of failure)
Press: ? - help, Shift-Dir - straight line, f/p - Rupert
Aim: Rupert, wielding a +2 great mace of protection and wearing a +0 ring mail (heavily wounded, berserk, 79% to hit)
You feel a surge of power!
The stone arrow hits Rupert!
Rupert is heavily wounded.
Rupert misses you.
Casting: Stone Arrow (safe; 1% risk of failure)
Confirm with . or Enter, or press ? or * to list all spells.
Aiming: Stone Arrow (safe; 1% risk of failure)
Press: ? - help, Shift-Dir - straight line, f/p - Rupert
Aim: Rupert, wielding a +2 great mace of protection and wearing a +0 ring mail (heavily wounded, berserk, 79% to hit)
You feel a surge of power!
The stone arrow hits Rupert.
Rupert is severely wounded.
Rupert hits you with a +2 great mace of protection!!
You die...

#######
##@#.P.###
#..@......
##†.†.....
#........
#........
#........
#........
#........
.........


You could see Rupert (berserk).

Vanquished Creatures
  2 acid blobs (Lair:5)
  7 hydras
  A boulder beetle (Lair:4)
  A two-headed ogre (D:8)
  A death yak (Lair:3)
  Sonja (Lair:5)
  The ghost of alexxx the Zephyrmancer, a novice DrAE of Hepliaklqana (D:9)
  A sea snake (Lair:6)
  A lindwurm (Lair:5)
  A harpy (Lair:6)
  An orb spider (shapeshifter) (D:10)
  2 oklob plants
  Pikel (D:6)
  A wolf spider (Lair:2)
  2 spectral centaurs (D:9)
  8 elephants
  3 black mambas
  Joseph (D:6)
  12 cane toads
  A torpor snail (Lair:3)
  A rime drake (Lair:3)
  8 komodo dragons
  A troll (D:9)
  A tyrant leech (Lair:3)
  5 polar bears
  3 jumping spiders (Lair:2)
  A slime creature (Lair:5)
  12 blink frogs
  2 centaur simulacra (D:9)
  7 dream sheep
  A tarantella (Lair:2)
  18 yaks
  2 wyverns
  2 wraiths (D:9)
  3 basilisks
  A steam dragon (D:8)
  Edmund (D:4)
  2 acid dragons (D:6)
  A swamp worm (Lair:3)
  3 orc warriors
  15 water moccasins
  An ice beast (D:6)
  2 sky beasts (D:6)
  3 black bears
  2 necrophages
  4 centaurs
  6 wolves
  3 lemures (D:6)
  An elf zombie (D:5)
  5 bullfrogs
  A kobold brigand (D:9)
  A scorpion (D:6)
  2 cane toad simulacra (Lair:3)
  An elf skeleton (D:5)
  A water moccasin zombie (D:6)
  A dream sheep simulacrum (Lair:3)
  5 wights (D:8)
  3 howler monkeys (D:6)
  3 electric eels (D:6)
  8 centaur zombies
  A jelly (D:3)
  5 orc priests (D:8)
  3 bullfrog skeletons
  Crazy Yiuf (D:2)
  2 gnoll shamans
  A hound (D:6)
  4 human zombies
  A human skeleton (D:5)
  A centaur skeleton (D:4)
  A scorpion zombie (D:5)
  4 orc wizards
  4 mummies (Ossuary)
  10 gnolls
  4 adders
  2 white imps
  An ufetubus (D:5)
  4 dart slugs
  36 orcs
  4 endoplasms
  5 giant cockroaches
  A gnoll zombie (Ossuary)
  7 goblins
  6 hobgoblins
  12 kobolds
  4 quokkas
  3 ball pythons
  5 bats
  3 frilled lizards
  2 hobgoblin zombies (Ossuary)
  An orc skeleton (D:5)
  An orc zombie (Ossuary)
  6 rats
  5 bushes (Lair:2)
  A fulminant prism (D:8)
343 creatures vanquished.

Vanquished Creatures (collateral kills)
  The ghost of Disaer the Grappler, a journeyman TrMo of Jiyva (Lair:3)
  A wyvern (D:6)
  A spectral cane toad (Lair:3)
  2 hydra simulacra (Lair:3)
  A bullfrog (D:6)
6 creatures vanquished.

Vanquished Creatures (others)
  A white imp (D:7)
  207 fulminant prisms
  50 fungi
  80 plants
338 creatures vanquished.

Grand Total: 687 creatures vanquished

Notes
Turn   | Place    | Note
-------+----------+-------------------------------------------
     0 | D:1      | Dabor the Draconian Conjurer began the quest for the Orb.
     0 | D:1      | Reached XP level 1. HP: 14/14 MP: 3/3
   234 | D:2      | Reached XP level 2. HP: 11/20 MP: 0/5
   780 | D:2      | Learned a level 2 spell: Searing Ray
   970 | D:1      | Reached XP level 3. HP: 26/26 MP: 2/6
  1001 | D:1      | Noticed a floating eye
  1010 | D:1      | Found a faded altar of an unknown god.
  1013 | D:1      | Noticed a shining eye
  1013 | D:1      | Noticed a golden eye
  1013 | D:1      | Noticed a floating eye
  2024 | D:2      | Found a runed translucent door.
  2025 | D:2      | Noticed Crazy Yiuf
  2528 | D:3      | Found a sacrificial altar of Ru.
  2528 | D:3      | Found a basalt altar of Yredelemnul.
  2609 | D:3      | Found an iron altar of Okawaru.
  2627 | D:3      | Reached XP level 4. HP: 16/34 MP: 0/7
  2909 | D:3      | Found Viosid's Antique Armour Shop.
  3072 | D:3      | Noticed a centaur
  3075 | D:3      | Killed a centaur
  3076 | D:3      | Reached skill level 1 in Fighting
  3076 | D:3      | Reached skill level 1 in Staves
  3076 | D:3      | Reached skill level 1 in Shields
  3076 | D:3      | Reached skill level 1 in Evocations
  3076 | D:3      | Reached XP level 5. HP: 20/40 MP: 3/9
  3656 | D:2      | Killed Crazy Yiuf
  3976 | D:4      | Noticed an orc warrior
  4412 | D:4      | Reached XP level 6. HP: 47/47 MP: 3/10
  4523 | D:5      | Entered Level 5 of the Dungeon
  4525 | D:5      | Killed an orc warrior
  4765 | D:5      | Noticed a water moccasin
  4784 | D:5      | Killed a water moccasin
  4786 | D:5      | Your scales start taking on a rich purple colour.
  4786 | D:5      | Reached XP level 7. HP: 55/55 MP: 1/12
  4841 | D:5      | Learned a level 3 spell: Dazzling Flash
  4932 | D:5      | Found a snail-covered altar of Cheibriados.
  4934 | D:5      | Found a shimmering altar of Xom.
  4934 | D:5      | Found a radiant altar of Vehumet.
  4936 | D:5      | Found a sparkling altar of Nemelex Xobeh.
  4936 | D:5      | Found a shimmering altar of Xom.
  4936 | D:5      | Found an opulent altar of Gozag.
  5107 | D:5      | Reached skill level 5 in Conjurations
  5107 | D:5      | Reached skill level 1 in Hexes
  5171 | D:5      | Found a sand-covered staircase.
  5283 | Ossuary  | Entered an ossuary
  5549 | Ossuary  | Reached XP level 8. HP: 51/62 MP: 6/14
  6399 | D:5      | Identified the +1 ring mail of Vecwyoz {rN+ Str-5 Dex+4}
  6691 | D:3      | Bought a pair of embroidered boots for 187 gold pieces
  6990 | D:4      | Noticed Edmund
  6992 | D:4      | Noticed Eustachio
  7866 | D:4      | Killed Edmund
  8521 | D:6      | Noticed Pikel
  9021 | D:6      | Reached skill level 5 in Spellcasting
  9096 | D:6      | Found Olezuosaycw's Armour Emporium.
  9305 | D:6      | Killed Pikel
  9306 | D:6      | Reached XP level 9. HP: 60/71 MP: 1/16
  9417 | D:6      | Found a blossoming altar of Fedhas.
 10240 | D:6      | Reached skill level 5 in Stealth
 10334 | D:7      | Found a staircase to the Ecumenical Temple.
 10397 | D:7      | Noticed Joseph
 10657 | D:6      | Killed Joseph
 10658 | D:6      | Reached skill level 5 in Evocations
 10791 | D:6      | Reached skill level 5 in Fighting
 10791 | D:6      | Reached skill level 5 in Dodging
 11012 | D:7      | Reached XP level 10. HP: 75/81 MP: 13/19
 11058 | D:7      | Learned a level 4 spell: Fulminant Prism
 11219 | Temple   | Entered the Ecumenical Temple
 11302 | Temple   | Became a worshipper of Sif Muna the Loreminder
 11590 | D:8      | Noticed a two-headed ogre
 11622 | D:8      | Killed a two-headed ogre
 11819 | D:8      | Found a sparkling altar of Nemelex Xobeh.
 12250 | D:8      | Found a staircase to the Lair.
 12470 | D:8      | Reached * piety under Sif Muna
 12482 | D:8      | Reached skill level 5 in Staves
 13236 | D:9      | Reached skill level 5 in Hexes
 13433 | D:9      | Found a runed translucent gate.
 13434 | D:9      | Found a runed translucent gate.
 13439 | D:9      | Found a runed translucent gate.
 13440 | D:9      | Noticed a spectral centaur warrior
 13440 | D:9      | Noticed alexxx's ghost (novice DrAE)
 13442 | D:9      | Noticed a spectral centaur warrior
 13502 | D:9      | Found a glowing golden altar of the Shining One.
 13503 | D:9      | Found a radiant altar of Vehumet.
 13503 | D:9      | Found an ornate altar of the Wu Jian Council.
 13504 | D:9      | Found a stormy altar of Qazlal.
 14259 | D:9      | Killed a spectral centaur warrior
 14262 | D:9      | Killed a spectral centaur warrior
 14265 | D:9      | Killed alexxx's ghost
 14266 | D:9      | Reached XP level 11. HP: 52/89 MP: 9/21
 14680 | D:10     | Entered Level 10 of the Dungeon
 14680 | D:10     | Noticed an orb spider
 14686 | D:10     | Killed an orb spider
 14846 | Lair:1   | Entered Level 1 of the Lair of Beasts
 14874 | Lair:1   | Noticed a five-headed hydra
 14885 | Lair:1   | Killed a five-headed hydra
 15121 | Lair:1   | Identified the +1 chain mail of Distant Worlds {Rampage
                  | rF+}
 15390 | Lair:1   | Learned a level 3 spell: Stone Arrow
 15978 | Lair:1   | Reached ** piety under Sif Muna
 16095 | Lair:1   | Reached skill level 1 in Invocations
 16742 | Lair:2   | Noticed a wolf spider
 16754 | Lair:2   | Killed a wolf spider
 16973 | Lair:2   | Found a hole to the Spider Nest.
 17026 | Lair:2   | Found a burning altar of Makhleb.
 17235 | Lair:2   | Noticed an oklob plant
 17258 | Lair:2   | Killed an oklob plant
 18379 | Lair:2   | Reached XP level 12. HP: 100/100 MP: 10/24
 18650 | Spider:1 | Entered Level 1 of the Spider Nest
 18650 | Spider:1 | Noticed Jorgrun
 18669 | Spider:1 | Noticed Donald
 19053 | Lair:3   | Found a runed translucent door.
 19053 | Lair:3   | Noticed a four-headed hydra
 19723 | Lair:3   | Noticed a death yak
 19846 | Lair:3   | Killed a death yak
 19853 | Lair:3   | Noticed a four-headed hydra
 20001 | Lair:3   | Killed a four-headed hydra
 20279 | Lair:3   | Noticed a six-headed hydra
 20290 | Lair:3   | Killed a six-headed hydra
 20873 | Lair:3   | Found a staircase to the Swamp.
 21537 | Lair:3   | Found a runed translucent gate.
 21537 | Lair:3   | Found a runed translucent gate.
 21537 | Lair:3   | Found a runed translucent gate.
 21543 | Lair:3   | Noticed Disaer's ghost (journeyman TrMo)
 21546 | Lair:3   | Identified a scroll of acquirement
 21546 | Lair:3   | Acquired an amulet of magic regeneration
 21580 | Lair:3   | Killed Disaer's ghost
 22246 | Lair:3   | Killed a four-headed hydra
 22345 | Lair:3   | Upgraded the game from 0.28-a0-472-g50180c0d78 to
                  | 0.28-a0-475-g7dc2aef8ca
 22998 | Lair:4   | Reached XP level 13. HP: 67/108 MP: 2/26
 24406 | Lair:5   | Noticed Sonja
 24415 | Lair:5   | Killed Sonja
 24480 | Lair:5   | Found a runed translucent door.
 24480 | Lair:5   | Found a viscous altar of Jiyva.
 24480 | Lair:5   | Found a staircase to the Slime Pits.
 24480 | Lair:5   | Noticed an acid blob
 24480 | Lair:5   | Noticed an acid blob
 24565 | Lair:5   | Reached *** piety under Sif Muna
 24735 | Lair:5   | Reached skill level 5 in Invocations
 25178 | Lair:5   | Killed an acid blob
 25194 | Lair:5   | Killed an acid blob
 25586 | Lair:6   | Entered Level 6 of the Lair of Beasts
 25745 | Lair:6   | Reached skill level 10 in Spellcasting
 25748 | Lair:6   | Reached skill level 10 in Hexes
 25771 | Lair:6   | Noticed Rupert
 25790 | Lair:6   | Slain by Rupert

Illustrated notes

Levels and vault maps discovered:
D:1:      dpeg_arrival_tiny_a, layout_rooms,
          hellmonk_ecumenical_altar_watching_god
D:2:      layout_basic, wad_floor_pattern_2, uniq_crazy_yiuf_cottage
D:3:      layout_loops_cross, mainiacjoe_overflow_cross_hatched,
          mainiacjoe_overflow_divided_tiny, serial_shops, shop,
          grunt_decor_one_mirror, amethyst_killhole
D:4:      layout_loops_ring, chequers_big_river, uniq_eustachio, uniq_edmund
D:5:      layout_gridville, doesnt_xom_only_xom, nicolae_ossuary_entry_catacombs
D:6:      minmay_chambers_of_sixes, layout_cave_pools, fedhas_altar_2,
          serial_shops, nicolae_inconvenience_store, minmay_misc_feat_x,
          minivault_14, serial_bayou_lake_a, uniq_pikel
D:7:      layout_rooms, minmay_temple_entry_large_hall, uniq_joseph
D:8:      layout_basic, mainiacjoe_overflow_concentric_impassable,
          lair_entry_dummy, serial_bayou_pond_c
D:9:      layout_loops_ring, chequers_temple_overflow_statue_of_worship,
          gammafunk_ghost_necromancy, hangedman_decor_slide_cut
D:10:     layout_cave_pools, uniq_psyche, uniq_erica, uniq_grum
Temple:   nicolae_temple_x_marks_the_god
Lair:1:   layout_cave_shapes, infiniplex_staircase_pool
Lair:2:   layout_small_grid, spider_nest_entry_funnel_web, basic_altar,
          minmay_lair_oklob_bushes
Lair:3:   layout_regular_city, palyth_hydra_swamp_entry,
          gammafunk_ghost_necromancy, st_stairs_10, pf_torpor_hydra
Lair:4:   layout_regular_city, beast_lair_carwin_3, grunt_megastairs_3,
          lemuel_fruit_tree
Lair:5:   layout_roguey, slime_altar_2, uniq_sonja
Lair:6:   gammafunk_lair_ancient_temple, layout_gridlike,
          gauntlet_entry_generic, uniq_rupert
Spider:1: layout_spider_delve, nicolae_spider_altar_of_dancing, uniq_jorgrun,
          uniq_donald

Skill      XL: |  1  2  3  4  5  6  7  8  9 10 11 12 13 |
---------------+----------------------------------------+-----
Dodging        | 2 3 4 5 6 |  6.2
Stealth        | 2 3 4 5 6 7 8 |  8.2
Fighting       | 1 2 4 5 6 7 8 9 |  9.6
Staves         | 1 2 3 4 5 6 7 8 |  8.0
Shields        | 1 2 3 4 |  4.0
Evocations     | 1 2 3 4 5 6 7 8 9 |  9.0
Spellcasting   | 3 4 5 6 8 9 10 | 10.1
Conjurations   | 5 6 7 8 9 |  9.8
Hexes          | 1 3 4 5 6 8 10 | 10.2
Invocations    | 2 4 6 |  6.0

Action                   |  1- 3 |  4- 6 |  7- 9 | 10-12 | 13-15 || total
-------------------------+-------+-------+-------+-------+-------++-------
Melee: Unarmed           |    23 |       |       |       |       ||    23
       Tailslap          |     5 |     2 |    15 |    14 |     2 ||    38
       Dagger            |    12 |       |       |       |       ||    12
       Staff             |    35 |     9 |   115 |   140 |    20 ||   319
Throw: Throwing net      |       |       |       |     1 |     1 ||     2
 Cast: Magic Dart        |    60 |    35 |   108 |    63 |       ||   266
       Searing Ray       |     5 |    11 |    78 |    52 |     8 ||   154
       Dazzling Flash    |       |       |     2 |     1 |       ||     3
       Fulminant Prism   |       |       |       |   153 |    55 ||   208
       Stone Arrow       |       |       |       |    37 |    70 ||   107
Invok: Channel Magic     |       |       |       |     2 |     3 ||     5
 Abil: Breathe Dispellin |       |       |    15 |     3 |     1 ||    19
Evoke: Wand              |       |       |       |    12 |     3 ||    15
       Tin of tremorston |       |       |       |     2 |     1 ||     3
  Use: Scroll            |     2 |       |    10 |    11 |     3 ||    26
       Potion            |       |       |     5 |     5 |     4 ||    14
Armor: Skin              |    44 |     8 |   125 |   126 |    34 ||   337
Dodge: Dodged            |    94 |    20 |   175 |   234 |    58 ||   581
Block: Buckler           |     4 |     8 |    59 |    64 |    20 ||   155

Table legend: (Time is in decaauts)
 A = Elapsed time spent in this place.
 B = Non-inter-level travel time spent in this place.
 C = Inter-level travel time spent in this place.
 D = Time resting spent in this place.
 E = Time spent auto-exploring this place.
 F = Levels seen in this place.
 G = Mean time per level.
                   A        B        C        D        E       F      G
               +--------+--------+--------+--------+--------+-----+--------+
         Total |  25845 |  24926 |    919 |   8756 |  10655 |  19 | 1360.3 |
       Dungeon |  13820 |  13098 |    722 |   3311 |   6557 |  10 | 1382.0 |
        Temple |     93 |     83 |     10 |      0 |     60 |   1 |   93.0 |
          Lair |  10944 |  10759 |    185 |   4727 |   4038 |   6 | 1824.0 |
   Spider Nest |      9 |      9 |      0 |      0 |      0 |   1 |    9.0 |
       Ossuary |    977 |    977 |      0 |    718 |      0 |   1 |  977.0 |
               +--------+--------+--------+--------+--------+-----+--------+

Top non-repeatable levels by time:
  Lair:3: 3444 daAuts
  Lair:2: 2931 daAuts
     D:6: 2928 daAuts
     D:2: 2198 daAuts
     D:8: 1835 daAuts
     D:4: 1714 daAuts
  Lair:1: 1658 daAuts
     D:9: 1463 daAuts
  Lair:4: 1427 daAuts
     D:3: 1389 daAuts
  Lair:5: 1278 daAuts
     D:5: 1117 daAuts
 Ossuary: 977 daAuts
     D:1: 671 daAuts
     D:7: 479 daAuts
